AoeStats
← 只会打步弓

African Clearing

510288781Analyzed
4v4 RM · 2d ago on Sep 30, 2026· 40m 46s· 8 players
Game mode
Random Map
Map size
Large (8 player)
Population
200
Speed
Normal
Resources
Standard
Victory
Conquest
Starting age
Dark Age
Ending age
Imperial Age
RankedLock teamsTeams togetherTeam positionsShared explorationLock speedFull tech treeHidden civsTurbo modeCheats
Victory
Defeat
🇨🇳 Vietnamese · China
1792
+9
🇦🇷 Mongols · Argentina
1759
+11
🇨🇳 Berbers · China
1748
+11
🇨🇳 Magyars · China
1717
+12
🇨🇳 Huns · China
1651
-11
🇨🇳 Magyars · China
1642
-11
🇨🇳 Magyars · China
1630
-11
🇫🇷 Spanish · France
1623
-10
Bo Zhi Shang
5:01 Loom
11:41 Feudal Age
18:30 Castle Age
16:59 Forging
16:50 Double-Bit Axe
17:24 Horse Collar
19:05 Wheelbarrow
23:21 Bow Saw
23:14 Heavy Plow
26:45 Town Watch
27:16 Hand Cart
33:58 Imperial Age
32:01 Scale Barding Armor
32:06 Forging
32:34 Bloodlines
32:24 Husbandry
32:35 Gold Mining
33:47 Chain Barding Armor
33:58 Hand Cart
34:30 Gold Shaft Mining
34:08 Cavalier
34:48 Husbandry
36:28 Plate Barding Armor
39:00 Iron Casting
41:33 Blast Furnace
jijiojojo
8:35 Loom
10:56 Feudal Age
11:57 Double-Bit Axe
22:29 Castle Age
22:02 Scale Barding Armor
22:07 Bloodlines
23:16 Husbandry
III
8:46 Loom
10:57 Feudal Age
11:49 Double-Bit Axe
12:05 Double-Bit Axe
17:37 Fletching
27:00 Castle Age
25:51 Stone Mining
26:32 Padded Archer Armor
34:15 Gold Mining
35:33 Bow Saw
35:41 Bodkin Arrow
37:53 Leather Archer Armor
37:39 Horse Collar
38:53 Ballistics
40:42 Stone Shaft Mining
41:35 Wheelbarrow
atamispeed754
10:35 Feudal Age
11:04 Double-Bit Axe
13:17 Loom
18:40 Castle Age
17:36 Forging
17:17 Horse Collar
21:42 Scale Barding Armor
31:35 Stone Mining
31:37 Gold Mining
32:42 Wheelbarrow
32:08 Fishing Lines
35:40 Fletching
37:34 Hand Cart
40:00 Imperial Age
38:32 Bow Saw
38:26 Bodkin Arrow
39:19 Padded Archer Armor
40:18 Ballistics
40:46 Bracer
41:48 Chemistry
41:12 Conscription
41:17 Husbandry
41:27 Bloodlines
ElMaestro
9:14 Loom
12:18 Feudal Age
16:37 Castle Age
15:49 Double-Bit Axe
19:03 Horse Collar
30:41 Padded Archer Armor
30:57 Bow Saw
32:03 Wheelbarrow
31:27 Fletching
32:06 Husbandry
34:28 Bloodlines
38:11 Imperial Age
37:09 Hand Cart
37:12 Gold Mining
38:16 Leather Archer Armor
39:32 Ring Archer Armor
LUCKY
4:56 Loom
14:04 Feudal Age
15:43 Double-Bit Axe
18:27 Castle Age
19:49 Bow Saw
19:38 Horse Collar
20:22 Heavy Plow
22:58 Town Watch
26:05 Wheelbarrow
32:34 Fletching
34:25 Hand Cart
37:46 Bodkin Arrow
37:52 Scale Mail Armor
38:02 Forging
只会打步弓
8:22 Loom
11:23 Feudal Age
12:27 Double-Bit Axe
14:31 Fletching
小胖子
11:30 Feudal Age
11:16 Loom
13:02 Double-Bit Axe
13:50 Horse Collar
22:50 Castle Age
23:41 Bloodlines
23:53 Fletching
24:25 Gold Mining
28:33 Bodkin Arrow
30:52 Padded Archer Armor
31:45 Husbandry
32:44 Ballistics
42:07 Imperial Age
40:13 Wheelbarrow
Connection lost

Rejoining the realm…

Still unreachable

The connection could not be restored.

Session expired

The server has moved on; the page needs a fresh start.